Rob Uzzo, neutral male human Ranger --- --.--- ---- ---....-- |..----- --^......| |......| ----........| |.----.--- |..........- |.| |...| |.>...---.- |@| ---%--- --....| --- |h| |.%.----.--%--- ---......||...| .-- |....------.- .<| --...| |.. .-- ...| --.-. |.... --.... -... .... Rob Uzzo the Lookout Experience level: 3 Strength: 14 Dexterity: 15 Constitution: 15 Intelligence: 13 Wisdom: 13 Charisma: 9 Health: 0(25) Energy: 13(13) Def: 9 Gold: 602 Moves: 1351 Dungeon seed: Cg5tX2qssm9krsHH Game ID: Rob Uzzo_1488560108 Your Inventory: Coins $ - 602 gold pieces Weapons a - a +1 dagger b - a +1 bow (alternate weapon; not wielded) c - 54 +2 arrows (in quiver) d - 38 +0 arrows h - the blessed +1 Magicbane (weapon in hand) p - a cursed -3 scimitar Armor e - an uncursed +2 cloak of displacement (being worn) n - an uncursed +0 pair of leather gloves (being worn) r - a cursed +0 leather armor (being worn) y - an uncursed +0 dwarvish cloak z - a blessed +1 pair of iron shoes (being worn) Comestibles f - 5 uncursed cram rations k - 2 uncursed food rations m - an uncursed pancake Spellbooks i - an uncursed spellbook of wizard lock Potions o - a potion of holy water Wands g - a wand of wishing (0:0) Gems q - 2 uncursed worthless pieces of yellowish brown glass Spells and supernatural/magical abilities: Name Level Category Fail Memory w - wizard lock 2 matter 100% 100% W - pray for help -- divine ? -- Your skills at the end: Fighting Skills Weapon Skills dagger [Basic] bow [Basic] Spellcasting Skills Final Attributes: You were fervently aligned. You were magic-protected. You had automatic searching. You were displaced. You were unlucky. Venus was angry with you. You are dead (2nd time!). Vanquished creatures: a gnome king a dwarf an acid blob 2 coyotes a hobbit a hobgoblin a gnome a gnome zombie 2 jackals 3 grid bugs a lichen 7 newts 22 creatures vanquished. Voluntary challenges: You used a wielded weapon 24 times, starting on turn 238. You read items or engraved 4 times, starting on turn 1204. You never genocided any monsters. You never polymorphed an object. You never changed form. You used 2 wishes, starting on turn 8. You wished for your your first artifact on turn 8. You never split a pudding. You never wrote Elbereth's name. You violated your moral code, losing 10 points of alignment, starting on turn 1338. Dungeon overview: The Dungeons of Doom: levels 1 to 3 Level 1 a fountain a long staircase Level 2 Level 3 a fountain stairs to The Gnomish Mines The Gnomish Mines: Level 4 <- You were here stairs to The Dungeons of Doom History has recorded: On T:1 you entered the Dungeons of Doom to retrieve the Amulet of Yendor! On T:8 you wished for "+1 blessed Magicbane". On T:258 you reached level 2 of The Dungeons of Doom. On T:802 you reached level 3 of The Dungeons of Doom. On T:1148 you advanced to experience level 2. On T:1203 you reached level 1 of The Gnomish Mines. On T:1263 you were saved from death by your wizard powers! On T:1299 you wished for "2 holy water". On T:1304 you advanced to experience level 3. Score breakdown: Gold: 602 ( 9457 points) Experience: 3 levels ( 7878 points) Exploration: 4 levels ( 8.00%) ( 7423 points) Discoveries: 1 item ( 0.34%) ( 1737 points) Valuables value: (no points given unless you survive) Artifact value: 3500 (12056 points) Variety of kills: 12 monsters ( 3.15%) ( 5324 points) Turncount: 1351 turns ( 0 points) Survival: died (score multiplied by 80%) Total score: 35100 Latest messages: You kill the gnome! You see here a gnome corpse. Unfortunately, nothing happens. You feel an absence of magical power. You feel an absence of magical power. The magic-absorbing blade cancels the acid blob! You kill the acid blob! The dwarf king wields a broad pick! The dwarf king swings his broad pick. The dwarf king just misses! You miss the dwarf king. (2x) The dwarf king swings his broad pick. The dwarf king hits! The dwarf king swings his broad pick. The dwarf king hits! You die... Final status: Goodbye Rob Uzzo the Ranger, killed by a dwarf king... You died in The Gnomish Mines on dungeon level 4 with 35100 points, and 602 pieces of gold, after 1351 moves. You were level 3 with a maximum of 25 hit points when you died.